 Dungeon Crawl Stone Soup version 0.21-a0-95-g06f091e (webtiles) character file.

19365 Murumi the Fighter (level 12, -2/81 HPs)
             Began as a Gargoyle Fighter on June 28, 2017.
             Was a High Priest of Elyvilon.
             Slain by a large abomination (20 damage)
             ... on level 2 of the Abyss on July 5, 2017.
             The game lasted 01:10:51 (15573 turns).

Murumi the Fighter (Gargoyle Fighter)              Turns: 15573, Time: 01:10:52

Health: -2/81      AC: 31    Str: 24    XL:     12   Next: 68%
Magic:  16/16      EV:  8    Int: 10    God:    Elyvilon [*****.]
Gold:   685        SH:  4    Dex:  9    Spells: 11/11 levels left

rFire    . . .     SeeInvis +   e - +4 flail
rCold    . . .     Gourm    .   (no shield)
rNeg     + . .     Faith    .   N - +0 plate armour (curse)
rPois    ∞         Spirit   .   (no helmet)
rElec    +         Reflect  .   v - +0 cloak
rCorr    .         Harm     .   (no gloves)
MR       .....                  H - +0 pair of boots
Stlth    ..........             J - amulet of rage
HPRegen  0.00/turn              K - +1 ring of protection
MPRegen  0.15/turn              y - ring of see invisible

@: flying
A: big wings, large bone plates 1, yellow scales 1, negative energy resistance
1, shaggy fur 2, electricity resistance, inhibited regeneration, unbreathing,
petrification resistance, rot immunity, AC +8
a: Stop Flying, Lesser Healing, Heal Other, Purification, Greater Healing,
Divine Vigour, Divine Protection, Renounce Religion, Evoke Berserk Rage


You were on level 2 of the Abyss.
You worshipped Elyvilon.
Elyvilon was extremely pleased with you.
You were not hungry.

You visited 3 branches of the dungeon, and saw 13 of its levels.
You visited the Abyss 1 time.

You collected 685 gold pieces.

Inventory:

Hand Weapons
 e - a +4 flail (weapon)
 s - a +2 flail of draining
Missiles
 j - 222 stones (quivered)
Armour
 c - a +0 shield
 v - a +0 cloak (worn)
 H - a +0 pair of boots (worn)
 N - a cursed +0 plate armour (worn)
Jewellery
 y - a ring of see invisible (right hand)
 J - an amulet of rage (around neck)
 K - a +1 ring of protection (left hand)
 O - an uncursed amulet of regeneration
 P - an uncursed ring of positive energy
Wands
 a - a wand of iceblast (7/15)
 n - a wand of flame (16/48)
 D - a wand of acid (12/15)
 L - a wand of digging (13/24)
Scrolls
 b - 3 scrolls of recharging {unknown}
 h - 4 scrolls of teleportation {unknown}
 l - 2 scrolls of enchant weapon {unknown}
 m - 5 scrolls of noise {unknown}
 p - 3 scrolls of magic mapping {unknown}
 t - 2 scrolls of blinking
 u - a scroll of enchant armour {unknown}
 w - a scroll of random uselessness {unknown}
 A - 2 scrolls of immolation {unknown}
 B - 2 scrolls of fog {unknown}
 C - a scroll of amnesia {unknown}
 E - a scroll of fear {unknown}
 F - 3 scrolls of remove curse {unknown}
 M - 2 scrolls of torment {unknown}
 Q - 2 scrolls of identify
Potions
 d - a potion of might
 i - a potion of lignification
 x - a potion of cancellation
 z - a potion of agility
 G - a potion of brilliance
 I - 5 potions of curing
Comestibles
 f - 6 bread rations
 g - 3 meat rations
 k - 7 chunks of flesh
 o - 12 royal jellies
 q - a fruit


   Skills:
 - Level 12.0 Fighting
 - Level 9.0 Maces & Flails
 - Level 4.1 Throwing
 + Level 10.1 Armour
 - Level 3.0 Dodging
 - Level 10.0 Shields
 - Level 6.0 Invocations
 - Level 4.0 Evocations


You had 11 spell levels left.
You didn't know any spells.

Dungeon Overview and Level Annotations

Branches:
Dungeon (10/15)            Temple (1/1) D:5            Lair (2/6) D:10
  Snake (0/4) Lair:2          Orc (0/2) D:9
  Swamp: Lair:2-4    Shoals: Lair:2-4

Altars:
Ashenzari
Cheibriados
Dithmenos
Elyvilon
Fedhas
Gozag
Hepliaklqana
Kikubaaqudgha
Makhleb
Nemelex Xobeh
Okawaru
Qazlal
Ru
Sif Muna
Trog
Uskayaw
Vehumet
Wu Jian
Xom
Zin
The Shining One

Shops:
D:5 }   D:8 }

Annotations:
D:8 2 runed doors, exclusion: orange crystal statue
Lair:2 Sonja


Innate Abilities, Weirdness & Mutations

You are resistant to torment.
Your stone body is resilient. (AC +8)
You are immune to poison.
You resist negative energy. (rN+)
You are resistant to electric shocks. (rElec)
You can survive without breathing.
You are immune to petrification.
You are immune to rotting.
Your large and strong wings let you fly indefinitely.
You are partially covered in large bone plates. (SH +4)
You are partially covered in yellow scales. (AC +2)
You are covered in thick fur. (AC +2)
You do not regenerate when monsters are visible.


Message History

The large abomination hits you!
You are too injured to fight recklessly!
You sock the large abomination!
The large abomination is almost destroyed.
You block the large abomination's attack.
You barely miss the large abomination.
The large abomination is almost destroyed.
The large abomination hits you but does no damage.
You hit the large abomination but do no damage.
The large abomination is almost destroyed.
The large abomination hits you. The large abomination hits you!
* * * LOW HITPOINT WARNING * * *
You hit the large abomination but do no damage.
The large abomination is almost destroyed.
The large abomination hits you.
* * * LOW HITPOINT WARNING * * *
You hit the large abomination but do no damage.
The large abomination is almost destroyed.
The large abomination hits you!!
You die...

. . .. # ..#
... ## . .. #
.# ... .. . #
.. ...# . ....
.# ### . ... .
# #.## .... . .
#..## . #. .. .
.#X@.# . .#
....(.(.#..# .
......#..##..##
......
...#.....# .
#..... ..##.
#.#. # ..
.........## # .
. .#......###
......#.. # #
##.. X #


You could see a large abomination.

Vanquished Creatures
  2 hydras
  3 two-headed ogres
  A torpor snail (Lair:2)
  2 spiny frogs (Lair:1)
  3 komodo dragons
  A troll (D:10)
  7 polar bears (D:7)
  5 dream sheep
  6 hippogriffs (D:7)
  3 blink frogs
  A wyvern (D:8)
  10 yaks
  Edmund (D:4)
  3 nagas (Lair:2)
  2 water moccasins
  2 hell hounds (D:10)
  A soldier ant (D:9)
  2 porcupines (Lair:2)
  5 orc warriors
  4 sky beasts
  6 black bears
  3 phantoms
  4 ice beasts
  2 ogres
  8 centaurs
  A necrophage (D:9)
  3 crocodiles
  A big kobold (D:6)
  11 bullfrogs
  9 scorpions
  A water moccasin skeleton (D:6)
  A water moccasin zombie (D:5)
  15 killer bees
  15 wights
  A howler monkey (D:5)
  An electric eel (Lair:1)
  5 crimson imps
  A centaur zombie (D:7)
  Crazy Yiuf (D:4)
  7 jellies
  2 bullfrog zombies
  5 orc priests
  3 hounds
  11 orc wizards
  A centaur skeleton (D:7)
  A bullfrog skeleton (D:5)
  Terence (D:3)
  2 iguanas
  10 worker ants
  A killer bee zombie (D:8)
  2 hound skeletons
  A worker ant zombie (D:5)
  4 howler monkey skeletons
  4 gnolls
  12 adders
  2 shadow imps
  6 oozes
  2 adder zombies
  An adder skeleton (D:9)
  3 worms (D:2)
  3 dart slugs
  11 leopard geckos
  28 orcs
  6 giant cockroaches
  9 goblins
  6 hobgoblins
  10 jackals
  16 kobolds
  5 quokkas
  2 ball pythons (D:7)
  9 bats
  6 frilled lizards
  A jackal skeleton (D:6)
  A jackal zombie (D:9)
  2 leopard gecko skeletons
  A quokka skeleton (D:8)
  10 rats
360 creatures vanquished.

Vanquished Creatures (others)
  A fungus (Lair:2)
  A plant (Lair:2)
2 creatures vanquished.

Grand Total: 362 creatures vanquished

Notes
Turn   | Place    | Note
-------+----------+-------------------------------------------
     0 | D:1      | Murumi the Gargoyle Fighter began the quest for the Orb.
     0 | D:1      | Reached XP level 1. HP: 14/14 MP: 1/1
    49 | D:1      | Reached skill level 1 in Throwing
   125 | D:1      | Reached XP level 2. HP: 19/19 MP: 2/2
   181 | D:1      | Reached skill level 1 in Dodging
   288 | D:1      | Reached XP level 3. HP: 21/23 MP: 3/3
  1286 | D:2      | Reached skill level 4 in Fighting
  1286 | D:2      | Reached XP level 4. HP: 18/29 MP: 4/4
  2860 | D:2      | Reached XP level 5. HP: 24/33 MP: 5/5
  3306 | D:3      | Noticed Terence
  3322 | D:3      | Killed Terence
  3890 | D:4      | Reached XP level 6. HP: 39/39 MP: 6/6
  3948 | D:4      | Noticed Edmund
  3956 | D:4      | Killed Edmund
  3956 | D:4      | Reached skill level 5 in Fighting
  4113 | D:4      | Reached skill level 6 in Fighting
  4249 | D:4      | Found a runed door.
  4253 | D:4      | Noticed Crazy Yiuf
  4261 | D:4      | Killed Crazy Yiuf
  4261 | D:4      | Reached XP level 7. HP: 24/46 MP: 7/7
  4729 | D:5      | Entered Level 5 of the Dungeon
  4791 | D:5      | Reached skill level 5 in Armour
  4813 | D:5      | Found a staircase to the Ecumenical Temple.
  4841 | D:5      | Found Hutorul's Gadget Shop.
  4891 | D:5      | Reached skill level 5 in Shields
  5006 | D:5      | Found an iron altar of Okawaru.
  5010 | D:5      | Found a blossoming altar of Fedhas.
  5107 | Temple   | Entered the Ecumenical Temple
  5203 | Temple   | Became a worshipper of Elyvilon the Healer
  5376 | D:5      | Reached XP level 8. HP: 42/51 MP: 8/8
  5529 | D:5      | Reached skill level 5 in Maces & Flails
  5788 | D:5      | Reached skill level 1 in Invocations
  6284 | D:6      | Upgraded the game from 0.21-a0-91-ga5031da to 0.21-a0-95-g06f091e
  6402 | D:6      | Reached * piety under Elyvilon
  6783 | D:6      | Reached skill level 1 in Evocations
  6880 | D:6      | Gained mutation: Your spells are a little harder to cast, but a little more powerful. [potion of mutation]
  6880 | D:6      | Gained mutation: Armour fits poorly on your strangely shaped body. [potion of mutation]
  6880 | D:6      | Gained mutation: You are partially covered in large bone plates. (SH +4) [potion of mutation]
  6919 | D:6      | Gained mutation: You are covered in fur. (AC +1) [mutagenic meat]
  6920 | D:6      | Lost mutation: Armour fits poorly on your strangely shaped body. [mutagenic meat]
  6922 | D:6      | Gained mutation: You are partially covered in yellow scales. (AC +2) [mutagenic meat]
  6981 | D:6      | Reached XP level 9. HP: 55/55 MP: 11/11
  7186 | D:6      | Reached ** piety under Elyvilon
  8130 | D:6      | Reached skill level 7 in Fighting
  8398 | D:7      | Noticed a polar bear
  8398 | D:7      | Found a huge runed gate.
  8398 | D:7      | Noticed a polar bear
  8398 | D:7      | Noticed a polar bear
  8399 | D:7      | Found a huge runed gate.
  8399 | D:7      | Found a huge runed gate.
  8399 | D:7      | Found a huge runed gate.
  8399 | D:7      | Noticed a polar bear
  8399 | D:7      | Noticed a polar bear
  8399 | D:7      | Noticed a polar bear
  8401 | D:7      | Noticed a polar bear
  9173 | D:7      | Reached XP level 10. HP: 42/63 MP: 13/13
  9198 | D:7      | Reached skill level 8 in Fighting
  9249 | D:7      | Reached skill level 9 in Fighting
  9627 | D:8      | Found a sparkling altar of Nemelex Xobeh.
  9796 | D:8      | Reached XP level 11. HP: 68/71 MP: 14/14
  9808 | D:8      | Noticed a six-headed hydra
  9824 | D:8      | Killed a six-headed hydra
 10651 | D:8      | Found a runed door.
 10651 | D:8      | Noticed an orange crystal statue
 10661 | D:8      | Found a runed door.
 10728 | D:8      | Found an opulent altar of Gozag.
 10731 | D:8      | Found Orub's Gadget Shoppe.
 10818 | D:8      | Reached *** piety under Elyvilon
 10828 | D:8      | Noticed a two-headed ogre
 10840 | D:8      | Killed a two-headed ogre
 11234 | D:9      | Found a shattered altar of Ashenzari.
 11264 | D:9      | Found a hazy altar of Hepliaklqana.
 11422 | D:9      | Noticed a two-headed ogre
 11436 | D:9      | Killed a two-headed ogre
 11436 | D:9      | Reached skill level 5 in Invocations
 11616 | D:9      | Gained mutation: You are clumsy. (Dex -2) [mutagenic meat]
 11617 | D:9      | Gained mutation: You do not regenerate when monsters are visible. [mutagenic meat]
 11921 | D:9      | Lost mutation: You are clumsy. (Dex -2) [mutagenic meat]
 11923 | D:9      | Lost mutation: Your spells are a little harder to cast, but a little more powerful. [mutagenic meat]
 11924 | D:9      | Gained mutation: Your large and strong wings let you fly indefinitely. [mutagenic meat]
 12186 | D:9      | Found a staircase to the Orcish Mines.
 12255 | D:10     | Entered Level 10 of the Dungeon
 12355 | D:10     | Reached **** piety under Elyvilon
 12464 | D:10     | Reached skill level 10 in Fighting
 12881 | D:10     | Noticed a two-headed ogre
 12889 | D:10     | Killed a two-headed ogre
 12889 | D:10     | Reached skill level 10 in Armour
 12889 | D:10     | Reached XP level 12. HP: 77/77 MP: 16/16
 12993 | D:10     | Gained mutation: You are covered in thick fur. (AC +2) [mutagenic meat]
 13017 | D:10     | Found a staircase to the Lair.
 13415 | Lair:1   | Entered Level 1 of the Lair of Beasts
 13415 | Lair:1   | Reached ***** piety under Elyvilon
 13704 | Lair:1   | Reached skill level 10 in Shields
 13763 | Lair:1   | Noticed a four-headed hydra
 13775 | Lair:1   | Killed a four-headed hydra
 14402 | Lair:2   | Found a staircase to the Snake Pit.
 14446 | Lair:2   | Noticed Sonja
 14501 | Lair:2   | Reached skill level 11 in Fighting
 15482 | Lair:2   | Reached skill level 12 in Fighting
 15516 | Lair:2   | Cast into level 2 of the Abyss (Sonja)
 15573 | Abyss:2  | Slain by a large abomination

Vault maps used:
D:1:      tarquinn_simple_flora_water_d, minmay_bisected
D:2:      minmay_heptomino_d4
D:3:      uniq_terence
D:4:      first_bread, uniq_crazy_yiuf_cottage, uniq_edmund
D:5:      grunt_temple_overflow_open, temple_pool_b, serial_shops, shop
D:7:      lemuel_bear_cage
D:8:      kennysheep_mini, grunt_gozag_statues, serial_shops, shop,
          hangedman_little_slice_of_home, chequers_guarded_unrand_ignorance
D:9:      lemuel_crystal_altar, lemuel_crystal_altar, orc_0_dummy,
          nrook_mini_backslash
D:10:     minmay_lair_entry_lava
Temple:   eino_temple_scatter_basement
Lair:1:   serial_bayou_shore_a, infiniplex_staircase_pool_2
Lair:2:   guppyfry_snake_entry_garden, grunt_megastairs_3, lemuel_fruit_fields,
          lemuel_fruit_fields, serial_bayou_shore_b, uniq_sonja

Skill      XL: |  1  2  3  4  5  6  7  8  9 10 11 12 |
---------------+-------------------------------------+-----
Throwing       | 1 2 3 4 |  4.1
Dodging        | 1 2 3 |  3.0
Maces & Flails | 3 4 5 6 9 |  9.0
Fighting       | 4 6 7 9 10 12 | 12.0
Armour         | 4 5 6 7 9 10 | 10.1
Shields        | 4 5 6 7 8 9 10 | 10.0
Invocations    | 3 4 6 |  6.0
Evocations     | 2 4 |  4.0

Action                   |  1- 3 |  4- 6 |  7- 9 | 10-12 || total
-------------------------+-------+-------+-------+-------++-------
Melee: Flail             |   152 |   252 |   484 |   931 ||  1819
Throw: Stone             |    61 |    83 |    70 |   185 ||   399
       Tomahawk          |       |       |       |    14 ||    14
       Throwing net      |       |       |       |     1 ||     1
Invok: Lesser Healing    |       |       |       |    21 ||    21
 Abil: Fly               |       |       |       |     1 ||     1
  Use: Scroll            |     2 |     1 |     3 |     4 ||    10
       Potion            |       |     2 |     1 |       ||     3
 Stab: Distracted        |       |       |       |     1 ||     1
  Eat: Chunk             |     1 |    10 |    22 |    22 ||    55
       Meat ration       |       |       |       |     2 ||     2
       Fruit             |       |       |       |     2 ||     2
Armor: Scale mail        |   105 |   127 |       |       ||   232
       Chain mail        |       |    31 |   141 |       ||   172
       Plate armour      |       |       |   198 |   839 ||  1037
Dodge: Dodged            |    90 |   134 |   183 |   442 ||   849
Block: Other             |       |       |    40 |   190 ||   230
